 Dungeon Crawl Stone Soup version 0.23.2-30-g0e89c35 (webtiles) character file.

Game seed: 4425878417431641598

2258 RubI the Martial Artist (level 9, -2/62 HPs)
             Began as an Octopode Transmuter on June 23, 2019.
             Killed from afar by Erica (19 damage)
             ... with a bolt of poison
             ... on level 8 of the Dungeon.
             The game lasted 00:09:39 (5676 turns).

RubI the Martial Artist (Octopode Transmuter)       Turns: 5676, Time: 00:09:40

Health: -2/62      AC:  1    Str: 12    XL:     9   Next: 38%
Magic:  0/12       EV: 15    Int: 15    God:
Gold:   352        SH:  0    Dex: 13    Spells: 6/12 levels left

rFire    . . .     SeeInvis .     - Unarmed
rCold    . . .     Gourm    .   (no shield)
rNeg     . . .     Faith    .   (helmet restricted)
rPois    .         Spirit   +   e - amulet of guardian spirit
rElec    .         Reflect  .   w - ring of protection from magic
rCorr    .         Harm     .   (no ring)
MR       +....                  (no ring)
Stlth    +++.......             (no ring)
HPRegen  0.20/turn              (no ring)
MPRegen  0.13/turn              (no ring)
                                (no ring)
                                (no ring)

@: lethally poisoned (-2 -> -10)
A: almost no armour, stealthy swim, amphibious, 8 rings, constrict 8, camouflage
1, gelatinous body 1
a: no special abilities


You were on level 8 of the Dungeon.
You were very hungry.

You visited 2 branches of the dungeon, and saw 9 of its levels.

You collected 352 gold pieces.

Inventory:

Missiles
 a - 94 arrows
 p - 63 sling bullets
 v - 2 javelins (quivered)
Armour
 y - a +0 shield
Jewellery
 e - an amulet of guardian spirit (around mantle)
 w - a ring of protection from magic (left tentacle)
 D - a cursed -2 ring of intelligence {unknown}
Wands
 r - a wand of enslavement (9)
 C - a wand of flame (19)
Scrolls
 d - 15 scrolls of remove curse {unknown}
 f - 2 scrolls of noise {unknown}
 h - 4 scrolls of enchant weapon {unknown}
 j - 2 scrolls of blinking {unknown}
 k - a scroll of teleportation {unknown}
 n - 2 scrolls of fog {unknown}
 t - 2 scrolls of identify {unknown}
 u - 2 scrolls of enchant armour {unknown}
 B - a scroll of amnesia {unknown}
Potions
 b - a potion of invisibility {unknown}
 g - 6 potions of degeneration {unknown}
 i - 2 potions of might {unknown}
 l - a potion of ambrosia {unknown}
 m - a potion of mutation {unknown}
 o - a potion of heal wounds {unknown}
 q - 4 potions of curing
 s - 4 potions of lignification {unknown}
 x - a potion of brilliance {unknown}
 z - a potion of berserk rage {unknown}
 A - a potion of resistance
Comestibles
 c - 17 rations


   Skills:
 * Level 6.2 Fighting
 * Level 4.8 Dodging
 - Level 2.0 Stealth
 - Level 9.2 Unarmed Combat
 - Level 2.0 Spellcasting
 - Level 4.0 Transmutations


You had 6 spell levels left.
You knew the following spells:

 Your Spells              Type           Power        Failure   Level  Hunger
a - Beastly Appendage     Tmut           ##....       4%          1    #......
b - Sticks to Snakes      Tmut           ##......     6%          2    ###....
c - Spider Form           Tmut/Pois      #.........   28%         3    ###....

Your spell library contained the following spells:

 Spells                   Type           Power        Failure   Level  Hunger
 Sting                    Conj/Pois      #...         22%         1    #......
 Summon Small Mammal      Summ           #...         22%         1    #......
 Call Imp                 Summ           #.......     32%         2    ###....
 Poisonous Vapours        Pois/Air       #.....       32%         2    ###....
 Call Canine Familiar     Summ           #.......     54%         3    ###....
 Mephitic Cloud           Conj/Pois/Air  #.......     54%         3    ###....
 Summon Guardian Golem    Hex/Summ       #.......     54%         3    ###....
 Ice Form                 Ice/Tmut       #.......     67%         4    #####..
 Blade Hands              Tmut           ##........   75%         5    ######.
 Olgreb's Toxic Radiance  Pois           #.......     91%         4    #####..
 Summon Ice Beast         Ice/Summ       #.......     91%         4    #####..
 Summon Lightning Spire   Summ/Air       #.......     91%         4    #####..
 Venom Bolt               Conj/Pois      #.........   99%         5    ######.


Dungeon Overview and Level Annotations

Branches:
Dungeon (8/15)             Temple (1/1) D:7
   Lair: D:8-11

Altars:
Ashenzari
Dithmenos
Elyvilon
Fedhas
Hepliaklqana
Kikubaaqudgha
Nemelex Xobeh
Okawaru
Qazlal
Ru
Sif Muna
Uskayaw
Vehumet
Wu Jian
Xom
Yredelemnul
Zin
The Shining One

Shops:
D:6 *   D:7 *

Annotations:
D:8 Erica


Innate Abilities, Weirdness & Mutations

You cannot wear most types of armour.
You are very stealthy in the water. (Stealth+)
You are amphibious.
You can wear up to eight rings at the same time.
You can use your tentacles to constrict eight enemies at once.
Your skin changes colour to match your surroundings (Stealth+).
Your rubbery body absorbs attacks. (AC +1, EV +1)


Message History

No target in view!
You hit something.
You hear some strange, mumbled words.
An orb of energy appears from out of thin air!
The orb of energy misses you.
Your transformation has ended.
You hear some strange, mumbled words.
Something tries to affect you, but you resist.
Something hits you! Something burns you.
You hear some strange, mumbled words.
An orb of energy appears from out of thin air!
The orb of energy hits you!
* * * LOW HITPOINT WARNING * * *
The orb of energy explodes!
You barely miss something.
You hear some strange, mumbled words.
A bolt of poison appears from out of thin air!
The bolt of poison hits you!!
You are poisoned.
You die...

#..#..<.......
#.##...).##### ##
#.##.....###########...
#.....#.#.#.#.#.#.#.#.#
#..##......$..........
...
###.#.#.#.#.#.#.#.##
... #.................#
..# ##.#.#.#.#.#.#.#.##
#..^......{@...<..#
##.#.#.#.#.#.#.#.#.
.....########### .#####


There were no monsters in sight!

Vanquished Creatures
  A hungry ghost (D:4)
  A black bear (D:6)
  An ice beast (D:5)
  3 ogres
  A necrophage (D:8)
  2 big kobolds (D:7)
  2 bullfrogs
  2 scorpions
  3 wights (D:7)
  A howler monkey (D:5)
  4 crimson imps
  2 centaur skeletons
  A hound (D:7)
  An orc wizard (D:4)
  2 orc priests
  2 bullfrog skeletons
  A jelly (D:3)
  Ijyb (D:3)
  Terence (D:3)
  3 iguanas
  7 worker ants
  2 killer bee zombies
  A hound zombie (D:7)
  A hound skeleton (D:5)
  A howler monkey zombie (D:5)
  4 gnolls (D:5)
  12 adders
  A howler monkey skeleton (D:5)
  2 shadow imps
  An ooze (D:4)
  3 adder zombies
  2 adder skeletons
  2 worms
  4 dart slugs
  7 leopard geckos
  17 orcs
  A ball python (D:5)
  10 giant cockroaches
  7 goblins
  7 hobgoblins
  5 jackals
  7 quokkas
  9 bats
  7 frilled lizards
  A jackal zombie (D:5)
  11 kobolds
  A leopard gecko zombie (D:5)
  A quokka skeleton (D:6)
  12 rats
181 creatures vanquished.

Notes
Turn   | Place    | Note
-------+----------+-------------------------------------------
     0 | D:1      | RubI the Octopode Transmuter began the quest for the Orb.
     0 | D:1      | Reached XP level 1. HP: 13/13 MP: 3/3
   127 | D:1      | Reached XP level 2. HP: 15/18 MP: 5/5
   244 | D:1      | Reached skill level 1 in Stealth
   409 | D:1      | Reached XP level 3. HP: 15/23 MP: 4/6
   516 | D:1      | Reached skill level 4 in Unarmed Combat
  1035 | D:2      | Learned a level 2 spell: Sticks to Snakes
  1039 | D:2      | Learned a level 3 spell: Spider Form
  1064 | D:2      | Reached XP level 4. HP: 18/28 MP: 3/7
  1147 | D:2      | Reached skill level 5 in Unarmed Combat
  1232 | D:2      | Reached XP level 5. HP: 33/33 MP: 8/8
  1649 | D:3      | Noticed Ijyb
  1753 | D:3      | Killed Ijyb
  1979 | D:3      | Noticed Terence
  2000 | D:3      | Killed Terence
  2000 | D:3      | Reached XP level 6. HP: 29/39 MP: 4/9
  2537 | D:4      | Noticed a hungry ghost
  2558 | D:4      | Killed a hungry ghost
  2558 | D:4      | Reached skill level 6 in Unarmed Combat
  2558 | D:4      | Reached XP level 7. HP: 39/45 MP: 1/10
  2710 | D:4      | Reached skill level 7 in Unarmed Combat
  3245 | D:5      | Entered Level 5 of the Dungeon
  3521 | D:5      | Found an ancient bone altar of Kikubaaqudgha.
  3525 | D:5      | Reached XP level 8. HP: 37/52 MP: 7/11
  3581 | D:5      | Reached skill level 8 in Unarmed Combat
  4313 | D:6      | Found Moseny's Assorted Antiques.
  4383 | D:6      | Reached skill level 9 in Unarmed Combat
  4828 | D:7      | Found a staircase to the Ecumenical Temple.
  4841 | Temple   | Entered the Ecumenical Temple
  4975 | D:7      | Reached skill level 5 in Fighting
  4975 | D:7      | Reached XP level 9. HP: 32/61 MP: 4/12
  4984 | D:7      | Found an ancient bone altar of Kikubaaqudgha.
  5039 | D:7      | Found Xunuen's Sacrilege Store.
  5494 | D:7      | Found a sacrificial altar of Ru.
  5494 | D:7      | Found a hazy altar of Hepliaklqana.
  5653 | D:8      | Noticed Erica
  5676 | D:8      | Killed from afar by Erica

Skill      XL: |  1  2  3  4  5  6  7  8  9 |
---------------+----------------------------+-----
Stealth        | 1 2 |  2.0
Unarmed Combat | 4 5 6 7 9 |  9.2
Transmutations | 3 4 |  4.0
Fighting       | 2 3 5 6 |  6.2
Dodging        | 3 4 |  4.8
Spellcasting   | |  2.0

Action                   |  1- 3 |  4- 6 |  7- 9 || total
-------------------------+-------+-------+-------++-------
Melee: Unarmed           |    81 |   140 |   270 ||   491
       Constrict         |    24 |    35 |    60 ||   119
       Tentacles         |    13 |    21 |    42 ||    76
       Kick              |     2 |    14 |    12 ||    28
       Punch             |     2 |     3 |     8 ||    13
 Cast: Beastly Appendage |     2 |     7 |     8 ||    17
       Sticks to Snakes  |       |     5 |       ||     5
       Spider Form       |       |       |     5 ||     5
 Stab: Sleeping          |    12 |    10 |     9 ||    31
       Distracted        |       |     1 |       ||     1
  Eat: Chunk             |       |     6 |    10 ||    16
Armor: Skin              |     7 |    12 |    11 ||    30
Dodge: Dodged            |    48 |    70 |   143 ||   261
